Map: [ESL] Oceanborn

Players

Mixu

  • Race: Zerg Zerg
  • League: Grandmaster
  • Spawn Location: 11:00

Reynor - Winner!

  • Race: Protoss Protoss
  • League: Master
  • Spawn Location: 5:00

Event: HomeStory Cup XXIV

VOD

Have the link to the VOD?

Description

Time

  • Played on: Dec. 2, 2023, 1:14 p.m.
  • Length: 14:40

All games in this series

Show
View Real Time Build Order
Export as new Build Order

Mixu Zerg 

Build Orders: Hatch First, Lurkers 

Get SALT Encoding   

  12  0:00  Drone  
  13  0:12  Overlord  
  13  0:18  Drone  
  14  0:31  Drone x2  
  16  0:49  Hatchery  
  15  0:52  Drone  
  15  0:56  Drone  
  17  0:59  Drone  
  18  1:11  Extractor  
  17  1:15  Spawning Pool  
  16  1:19  Drone  
  16  1:22  Drone  
  18  1:29  Drone  
  19  1:39  Drone  
  20  1:50  Overlord  
  20  2:01  Queen  
  20  2:02  Drone, Queen  
  20  2:03  Zergling x2  
  26  2:12  Drone  
  26  2:14  Zergling x2  
  28  2:16  Metabolic Boost  
  28  2:25  Drone  
  28  2:26  Drone  
  30  2:37  Hatchery  
  30  2:39  Drone  
  30  2:46  Queen  
  30  2:51  Overlord  
  32  2:53  Drone  
  32  2:55  Drone  
  34  2:59  Drone  
  34  3:00  Drone  
  36  3:09  Overlord  
  36  3:10  Zergling x4  
  36  3:12  Zergling x2  
  39  3:16  Drone x2  
  41  3:20  Drone x2  
  43  3:27  Queen  
  43  3:30  Drone x2  
  44  3:41  Drone x2, Spore Crawler  
  44  3:44  Drone  
  44  3:47  Drone  
  46  3:50  Drone x3  
  46  3:52  Drone  
  46  3:54  Drone  
  51  4:01  Overlord  
  49  4:03  Drone x2  
  49  4:08  Drone  
  52  4:14  Drone  
  52  4:15  Drone x3  
  56  4:18  Overlord  
  56  4:22  Drone x3  
  58  4:24  Drone  
  58  4:25  Drone  
  58  4:31  Queen  
  60  4:32  Spore Crawler  
  60  4:36  Drone x3  
  64  4:41  Queen  
  64  4:43  Drone x2  
  68  4:47  Drone x3  
  69  4:53  Drone  
  69  4:54  Spore Crawler  
  69  4:55  Drone  
  69  4:59  Drone x3  
  73  5:04  Roach Warren  
  72  5:09  Drone  
  72  5:11  Lair  
  72  5:14  Hatchery  
  72  5:15  Zergling x2  
  72  5:17  Extractor, Overlord  
  72  5:18  Extractor  
  72  5:19  Zergling x2  
  73  5:21  Zergling x2  
  73  5:23  Zergling x2, Spore Crawler  
  73  5:34  Drone x2  
  71  5:39  Drone x9  
  71  5:41  Drone x2  
  75  5:57  Drone x6  
  75  6:01  Evolution Chamber  
  75  6:04  Overlord  
  80  6:05  Extractor x2  
  80  6:09  Glial Reconstitution  
  78  6:13  Drone  
  78  6:14  Drone  
  78  6:16  Extractor  
  78  6:18  Overlord x2  
  79  6:19  Drone  
  79  6:21  Overlord x2  
  79  6:23  Zergling x2  
  81  6:26  Zerg Missile Weapons Level 1  
  81  6:33  Overlord x3  
  87  6:40  Roach x5  
  87  6:46  Drone x3  
  87  6:47  Drone x3  
  87  6:53  Roach x3  
  96  6:57  Drone x2  
  98  7:06  Roach x5  
  98  7:08  Pneumatized Carapace  
  108  7:10  Roach  
  108  7:11  Ravager  
  108  7:12  Ravager x2  
  108  7:13  Zergling x2  
  114  7:16  Zergling x6  
  114  7:18  Roach  
  114  7:22  Roach x2  
  118  7:24  Roach  
  118  7:28  Zergling x8  
  124  7:30  Roach  
  124  7:32  Roach  
  124  7:35  Roach x2  
  132  7:42  Roach x4  
  140  7:49  Roach x2  
  140  7:50  Overlord x2  
  144  7:56  Overlord  
  144  8:02  Overlord  
  144  8:09  Roach x8  
  144  8:12  Roach x3  
  160  8:15  Roach x3  
  160  8:17  Roach  
  165  8:21  Overlord x2  
  158  8:37  Zergling x2  
  158  8:38  Overlord x2  
  157  8:42  Roach x10  
  157  8:47  Overlord  
  165  8:52  Roach x5  
  165  8:54  Drone  
  161  8:55  Infestation Pit  
  161  8:56  Drone x2  
  161  9:00  Drone  
  161  9:03  Zerg Missile Weapons Level 2  
  161  9:06  Drone x4  
  163  9:13  Hydralisk Den  
  160  9:19  Zergling x8  
  160  9:23  Roach x2  
  168  9:27  Roach x4  
  176  9:31  Hive  
  176  9:33  Drone, Extractor  
  176  9:35  Extractor  
  170  9:38  Drone x3  
  149  9:50  Zergling x8  
  151  9:57  Drone x2  
  151  9:58  Lurker Den  
  146  10:05  Zergling x22  
  148  10:09  Spine Crawler  
  148  10:10  Hatchery  
  148  10:11  Spine Crawler  
  148  10:13  Hydralisk, Spine Crawler, Grooved Spines  
  148  10:14  Hydralisk x2  
  144  10:16  Infestor  
  144  10:20  Hydralisk x2  
  156  10:25  Hydralisk x2  
  160  10:35  Hydralisk x3  
  166  10:41  Overlord x2  
  158  10:51  Hydralisk x6  
  158  10:53  Overlord x2  
  161  11:01  Hydralisk x4  
  165  11:05  Seismic Spines  
  165  11:09  Lurker x3  
  165  11:19  Hydralisk x4  
  165  11:22  Overseer  
  165  11:25  Lurker x2  
  167  11:26  Hydralisk  
  167  11:27  Hydralisk  
  167  11:29  Lurker x2  
  167  11:31  Hydralisk  
  167  11:32  Hydralisk  
  177  11:38  Hydralisk  
  177  11:39  Hydralisk x2  
  182  11:45  Hydralisk  
  180  11:49  Hydralisk  
  180  11:53  Hydralisk  
  184  11:55  Muscular Augments, Overlord x2  
  184  11:59  Overlord  
  167  12:05  Hydralisk x5  
  172  12:10  Lurker x3  
  172  12:14  Hydralisk x2  
  128  12:33  Hydralisk x8  
  140  12:45  Hydralisk x3  
  140  12:49  Hydralisk x3  
  152  12:54  Hydralisk  
  152  12:57  Hydralisk x2  
  158  13:01  Hydralisk x2  
  153  13:12  Zergling x8, Lurker  
  133  13:28  Hydralisk x5  
  133  13:33  Hydralisk x2  
  125  13:37  Hydralisk  
  125  13:40  Hydralisk  
  121  13:44  Hydralisk  
  123  13:52  Hydralisk x3  
  129  13:56  Hydralisk x2  
  129  14:02  Hydralisk x2  
  127  14:05  Hydralisk  
  127  14:08  Hydralisk  
  135  14:13  Hydralisk x2  
  138  14:33  Hatchery  
Show
View Real Time Build Order
Export as new Build Order

Reynor Protoss - Winner!

Build Orders: 1 Gate Expand, Oracle Opening 

Get SALT Encoding   

  12  0:00  Probe  
  13  0:12  Probe  
  14  0:18  Pylon  
  14  0:24  Probe  
  15  0:36  Probe (Chrono Boost)  
  15  0:40  Gateway  
  16  0:46  Assimilator  
  17  0:51  Probe (Chrono Boost)  
  17  0:56  Probe (Chrono Boost)  
  18  1:06  Probe (Chrono Boost)  
  19  1:15  Probe (Chrono Boost)  
  20  1:27  Nexus  
  20  1:37  Cybernetics Core  
  20  1:40  Probe  
  20  1:45  Assimilator  
  21  1:52  Probe  
  22  1:58  Pylon  
  22  2:04  Probe  
  23  2:13  Adept (Chrono Boost)  
  23  2:18  Stargate  
  23  2:20  Probe  
  26  2:26  Warp Gate  
  25  2:32  Probe  
  25  2:34  Adept (Chrono Boost)  
  28  2:39  Probe  
  28  2:44  Probe  
  30  2:51  Probe  
  31  2:56  Probe, Adept  
  34  3:03  Oracle (Chrono Boost)  
  34  3:05  Probe  
  38  3:09  Probe  
  39  3:17  Probe  
  40  3:21  Probe  
  40  3:24  Gateway  
  41  3:29  Probe  
  41  3:33  Probe  
  43  3:34  Adept  
  43  3:36  Oracle (Chrono Boost)  
  43  3:41  Probe  
  45  3:45  Probe  
  45  3:47  Pylon  
  46  3:50  Gateway  
  46  4:05  Probe x2  
  48  4:16  Nexus  
  48  4:17  Pylon, Probe  
  48  4:22  Probe  
  49  4:25  Adept x2  
  49  4:30  Twilight Council  
  53  4:32  Oracle (Chrono Boost)  
  53  4:35  Probe  
  53  4:36  Probe  
  58  4:46  Pylon  
  58  4:47  Probe  
  58  4:52  Probe  
  60  4:57  Adept  
  62  5:00  Blink (Chrono Boost)  
  62  5:03  Assimilator  
  62  5:04  Adept x2, Assimilator, Probe x2  
  68  5:15  Pylon  
  68  5:16  Probe x2  
  68  5:18  Forge  
  70  5:28  Probe x3  
  71  5:36  Stalker x2  
  71  5:38  Stalker  
  71  5:40  Probe x3  
  78  5:47  Protoss Ground Weapons Level 1 (Chrono Boost)  
  72  5:52  Probe x3  
  73  5:57  Gateway  
  73  6:02  Stalker x3  
  79  6:04  Probe x2  
  79  6:08  Probe  
  82  6:11  Shield Battery  
  82  6:13  Photon Cannon  
  82  6:16  Probe  
  83  6:20  Probe  
  83  6:21  Probe  
  83  6:22  Pylon  
  85  6:26  Stalker x2  
  85  6:27  Stalker  
  91  6:40  Pylon  
  91  6:41  Probe  
  91  6:45  Nexus  
  92  6:53  Stalker x4  
  100  6:56  Pylon  
  100  6:58  Photon Cannon  
  100  6:59  Shield Battery  
  100  7:01  Probe x2  
  100  7:02  Charge (Chrono Boost)  
  100  7:03  Probe  
  103  7:13  Probe  
  104  7:16  Gateway  
  104  7:19  Gateway  
  104  7:20  Protoss Ground Armor Level 1 (Chrono Boost), Stalker x3  
  110  7:26  Probe  
  110  7:28  Oracle (Chrono Boost)  
  111  7:35  Gateway  
  111  7:36  Gateway  
  114  7:38  Pylon  
  114  7:40  Pylon  
  114  7:42  Stalker  
  116  7:56  Gateway x2  
  116  8:00  Oracle  
  116  8:03  Gateway  
  116  8:04  Gateway  
  119  8:08  Pylon  
  117  8:15  Stalker x6  
  129  8:20  Probe x2  
  129  8:26  Shield Battery  
  131  8:27  Shield Battery  
  131  8:28  Probe  
  131  8:33  Stalker  
  131  8:34  Stalker  
  134  8:35  Probe  
  133  8:42  Stalker x5  
  133  8:46  Probe x3  
  145  8:48  Probe  
  145  8:54  Stalker  
  137  8:57  Stalker x3  
  143  9:06  Pylon  
  143  9:12  Protoss Ground Weapons Level 2 (Chrono Boost)  
  143  9:15  Photon Cannon  
  143  9:16  Shield Battery  
  143  9:18  Pylon  
  143  9:25  Stalker x3  
  143  9:27  Probe x2  
  143  9:28  Probe  
  143  9:31  Probe  
  151  9:33  Zealot  
  151  9:34  Zealot x2  
  150  9:39  Probe x2  
  150  9:43  Zealot x4  
  154  10:01  Pylon  
  154  10:02  Pylon  
  154  10:08  Robotics Facility, Pylon  
  154  10:13  Photon Cannon  
  154  10:14  Zealot x5, Shield Battery  
  154  10:19  Nexus  
  154  10:21  Zealot x5, Pylon  
  174  10:22  Pylon  
  174  10:34  Stalker x3  
  174  10:35  Stalker  
  180  10:45  Zealot x8  
  180  10:49  Probe x2  
  195  10:50  Probe  
  195  10:54  Probe  
  193  11:01  Probe  
  186  11:06  Observer (Chrono Boost)  
  186  11:11  Zealot x6  
  189  11:13  Probe  
  194  11:19  Probe  
  181  11:26  Probe  
  181  11:29  Robotics Bay  
  181  11:30  Zealot x4  
  181  11:31  Zealot x5  
  198  11:48  Zealot  
  198  11:51  Zealot  
  182  12:02  Zealot x2  
  182  12:03  Zealot x7  
  199  12:10  Probe x3  
  197  12:22  Immortal (Chrono Boost)  
  165  12:26  Probe x3  
  165  12:27  Zealot x3  
  165  12:28  Zealot x9  
  162  12:30  Probe  
  157  12:40  Robotics Facility  
  157  12:42  Templar Archives  
  152  12:52  Disruptor (Chrono Boost)  
  144  13:07  Zealot x12  
  153  13:24  Disruptor x2 (Chrono Boost)  
  153  13:25  Nexus  
  139  13:27  Pylon  
  139  13:33  High Templar x4  
  139  13:34  High Templar, Probe x4  
  155  13:39  Assimilator x2  
  159  13:42  Archon x2  
  159  13:43  High Templar  
  159  13:46  Assimilator, Probe x2  
  159  13:47  Photon Cannon, Assimilator  
  159  13:48  Shield Battery  
  163  13:51  Disruptor (Chrono Boost), Archon  
  163  13:54  Disruptor (Chrono Boost)  
  171  13:58  Zealot x6  
  171  14:01  Probe  
  184  14:13  Probe x3  
  184  14:25  Forge  
  176  14:36  Zealot x2  
  176  14:37  Zealot x10  
Tags
 
Add a new tag
Caveats
  • Supply blocks, unpowered buildings, or Contaminate may cause inaccurate times.
  • Supply counts are checked every 10 seconds.